 Dungeon Crawl Stone Soup version 0.28.0-53-g5a82cb258f (webtiles) character file.

Game seed: 12446036787503754816

88 Martska the Grasshopper (level 4, -3/34 HPs)
             Began as a Human Warper on June 26, 2022.
             Was a Believer of Zin.
             Slain by Robin
             ... wielding a +0 club
              (4 damage)
             ... on level 2 of the Dungeon.
             The game lasted 00:07:29 (2252 turns).

Martska the Grasshopper (Human Warper)              Turns: 2252, Time: 00:07:29

Health: -3/34      AC:  3    Str: 14    XL:     4   Next: 82%
Magic:  7/7        EV: 12    Int: 13    God:    Zin [**....]
Gold:   19         SH:  5    Dex: 12    Spells: 2/7 levels left

rFire   . . .      SeeInvis .   a - +0 spear
rCold   . . .      Faith    .   (no shield)
rNeg    . . .      Spirit   .   b - +0 leather armour
rPois   .          Reflect  +   (no helmet)
rElec   .          Harm     .   (no cloak)
rCorr   .          Rampage  .   (no gloves)
Will    .....                   (no boots)
Stlth   +.........              c - amulet of reflection
HPRegen 0.11/turn               (no ring)
MPRegen 0.10/turn               (no ring)

@: flying
A: no striking features
a: Renounce Religion, Recite, Vitalisation, Donate Gold


You were on level 2 of the Dungeon.
You worshipped Zin.
Zin was pleased with you.
You visited 1 branch of the dungeon, and saw 2 of its levels.

You collected 99 gold pieces.
You spent 71 gold pieces at shops.
You donated 9 gold pieces to Zin.

Inventory:

Hand Weapons
 a - a +0 spear (weapon)
Missiles
 d - a boomerang of dispersal (quivered)
Armour
 b - a +0 leather armour (worn)
Jewellery
 c - an amulet of reflection (around neck)
Scrolls
 h - a scroll of magic mapping
 i - a scroll of brand weapon
Potions
 e - a potion of degeneration {unknown}
 f - 2 potions of mutation
 g - a potion of flight


   Skills:
 * Level 2.9 Fighting
 * Level 3.0 Polearms
 - Level 1.0 Throwing
 - Level 1.0 Armour
 * Level 3.0 Dodging
 - Level 2.0 Spellcasting
 * Level 3.2 Translocations


You had 2 spell levels left.
You knew the following spells:

 Your Spells              Type           Power      Damage    Failure   Level
a - Blink                 Tloc           18%        N/A       12%         2
b - Teleport Other        Tloc           9%         N/A       24%         3

Your spell library contained the following spells:

 Spells                   Type           Power      Damage    Failure   Level
 Sublimation of Blood     Necr           1%         N/A       43%         2
 Wereblood                Tmut           1%         N/A       43%         2
 Gell's Gravitas          Tloc           9%         N/A       24%         3
 Lesser Beckoning         Tloc           9%         N/A       24%         3
 Manifold Assault         Tloc           9%         N/A       92%         5
 Petrify                  Tmut/Erth      1%         N/A       97%         4
 Irradiate                Conj/Tmut      0%         3d13      100%        5
 Summon Hydra             Summ           0%         N/A       100%        7


Dungeon Overview and Level Annotations

Branches:
Dungeon (2/15)

Altars:
Zin

Shops:
D:2 ?(

Annotations:
D:2 Robin


Message History

Press: ? - help, Dir - move target, f/p - Robin
Aim: Robin, wielding a +0 club, wearing a +0 animal skin and wearing a +2 helmet (almost dead, about 31% to evade your +0 spear)
You closely miss Robin.
Robin is almost dead.
Robin hits you with a +0 club.
Reach: a) +0 spear
Press: ? - help, Dir - move target, f/p - Robin
Aim: Robin, wielding a +0 club, wearing a +0 animal skin and wearing a +2 helmet (almost dead, about 31% to evade your +0 spear)
You hit Robin but do no damage.
Robin is almost dead.
You block the goblin's attack. Robin hits you with a +0 club.
Reach: a) +0 spear
Press: ? - help, Dir - move target, f/p - Robin
Aim: Robin, wielding a +0 club, wearing a +0 animal skin and wearing a +2 helmet (almost dead, about 31% to evade your +0 spear)
You hit Robin but do no damage.
Robin is almost dead.
The goblin closely misses you. Robin hits you with a +0 club.
Reach: a) +0 spear
Press: ? - help, Dir - move target, f/p - Robin
Aim: Robin, wielding a +0 club, wearing a +0 animal skin and wearing a +2 helmet (almost dead, about 31% to evade your +0 spear)
You barely miss Robin.
Robin is almost dead.
The goblin hits you with a +0 club.
* * * LOW HITPOINT WARNING * * *
Robin hits you with a +0 club.
* * * LOW HITPOINT WARNING * * *
Reach: a) +0 spear
Press: ? - help, Dir - move target, f/p - Robin
Aim: Robin, wielding a +0 club, wearing a +0 animal skin and wearing a +2 helmet (almost dead, about 31% to evade your +0 spear)
You hit Robin.
Robin is almost dead.
The goblin hits you with a +0 club.
* * * LOW HITPOINT WARNING * * *
Robin hits you with a +0 club.
* * * LOW HITPOINT WARNING * * *
It was a potion of flight.
You feel very buoyant.
You fly up into the air.
You block the goblin's attack. Robin hits you with a +0 club.
You die...

#. #..# # #.
#..# # #. #..#
## #. ##
#..###. ###.##.
#...... .....
.####. #..# ##
#)###### #
#gg@g..# #
######.# ##
#######.#######
#.
#.............#
#.
#.#####.#####.#
#.##. #.# #.#
#.... #.# #.#
#.##. #.# #.#
#.... #.#####.#
#....


You could see Robin, a hobgoblin (strong) and a goblin (strong).

Vanquished Creatures
  Terence (D:2)
  Jessica (D:2)
  A worm (D:2)
  A ball python (D:2)
  2 bats
  2 giant cockroaches (D:2)
  4 goblins (D:2)
  5 hobgoblins (D:2)
  7 jackals
  2 kobolds (D:1)
  2 frilled lizards
  2 rats
30 creatures vanquished.

Notes
Turn   | Place    | Note
-------+----------+-------------------------------------------
     0 | D:1      | Martska the Human Warper began the quest for the Orb.
     0 | D:1      | Reached XP level 1. HP: 16/16 MP: 3/3
   449 | D:1      | Found a faded altar of an unknown god.
   478 | D:1      | Reached XP level 2. HP: 22/22 MP: 5/5
   497 | D:1      | Prayed at the altar of an unknown god.
   497 | D:1      | Became a worshipper of Zin the Law-Giver
   497 | D:1      | Reached * piety under Zin
  1109 | D:2      | Found Azeruh's Antique Weapon Boutique.
  1120 | D:2      | Noticed Terence
  1389 | D:2      | Killed Terence
  1390 | D:2      | Reached XP level 3. HP: 9/28 MP: 6/6
  1393 | D:2      | Learned a level 2 spell: Blink
  1397 | D:2      | Learned a level 3 spell: Teleport Other
  1728 | D:2      | Reached XP level 4. HP: 34/34 MP: 7/7
  1766 | D:2      | Reached ** piety under Zin
  1832 | D:2      | Noticed Jessica
  1841 | D:2      | Killed Jessica
  2041 | D:2      | Found Kuluceus's Magic Scroll Boutique.
  2047 | D:2      | Bought a scroll of identify for 26 gold pieces
  2049 | D:2      | Bought a scroll of magic mapping for 45 gold pieces
  2230 | D:2      | Noticed Robin
  2251 | D:2      | HP: 1/34 [Robin/+0 club (3)]
  2252 | D:2      | Slain by Robin

Illustrated notes

Levels and vault maps discovered:
D:1:      nzn_arrival_water_spiral, layout_basic,
          hellmonk_ecumenical_altar_crossroads
D:2:      minmay_wonky_spiral, layout_loops_ring, serial_shops,
          nicolae_shop_bloodbath_and_beyond, shop, nicolae_diamond_shop, shop,
          minmay_pentomino_p4, uniq_terence, uniq_robin, uniq_natasha,
          uniq_jessica

Skill      XL: |  1  2  3  4 |
---------------+-------------+-----
Dodging        | 3 |  3.0
Polearms       | 3 |  3.0
Fighting       | |  2.9
Throwing       | |  1.0
Armour         | |  1.0
Spellcasting   | |  2.0
Translocations | |  3.2

Action                   |  1- 3 |  4- 6 || total
-------------------------+-------+-------++-------
Melee: Spear             |    92 |    76 ||   168
       Punch             |       |     1 ||     1
Throw: Boomerang         |     4 |       ||     4
  Use: Scroll            |     1 |     2 ||     3
       Potion            |       |     1 ||     1
Armor: Leather armour    |    28 |     7 ||    35
Dodge: Dodged            |    72 |    23 ||    95
Block: Other             |    14 |    14 ||    28
